 Seeded DCSS version 0.30.1-4-g462c640d31 (webtiles) character file.

Game seed: 6351066067085065685 (custom seed)

4 Esekla the Grave Robber (level 1, -1/10 HPs)
             Began as a Deep Elf Necromancer on Aug 18, 2023.
             Slain by Menkaure (11 damage)
             ... on level 7 of the Dungeon.
             The game lasted 00:04:30 (727 turns).

Esekla the Grave Robber (Deep Elf Necromancer)       Turns: 727, Time: 00:04:30

Health: -1/10      AC:  2    Str:  5    XL:     1   Next: 58%
Magic:  6/6        EV: 12    Int: 19    God:
Gold:   55         SH:  0    Dex: 15    Spells: 5/6 levels left

rFire   . . .        c - +0 short sword
rCold   . . .        (no shield)
rNeg    . . .        a - +0 robe
rPois   .            (no helmet)
rElec   .            (no cloak)
rCorr   .            (no gloves)
SInv    .            (no boots)
Will    .....        (no amulet)
Stlth   ++           (no ring)
HPRegen 0.21/turn    (no ring)
MPRegen 0.10/turn

%: no passive effects
@: no status effects
A: no striking features
a: no special abilities


You were on level 7 of the Dungeon.
You visited 1 branch of the dungeon, and saw 6 of its levels.

You collected 55 gold pieces.

Inventory:

Hand Weapons
 c - a +0 short sword (weapon)
 g - a +0 spear
Armour
 a - a +0 robe (worn)
Potions
 b - a potion of magic
 d - 2 potions of ambrosia {unknown}
 f - a potion of mutation {unknown}


   Skills:
 * Level 2.6 Dodging
 + Level 2.5 Stealth
 * Level 3.0 Spellcasting
 + Level 5.0 Necromancy


You had 5 spell levels left.
You knew the following spells:

 Your Spells              Type           Power      Damage    Failure   Level
a - Necrotise             Necr           88%        1d8       1%          1

Your spell library contained the following spells:

 Spells                   Type           Power      Damage    Failure   Level
 Vampiric Draining        Necr           22%        2d7       6%          3
 Animate Dead             Necr           22%        N/A       19%         4
 Agony                    Necr           22%        N/A       47%         5


Dungeon Overview and Level Annotations

Branches:
Dungeon (7/15)             Temple (0/1) D:6

Altars:
Zin

Annotations:
D:6 Pikel
D:7 1 runed translucent door, Crazy Yiuf, Menkaure


Message History

A sky beast appears from thin air!
Reactivating autopickup.
Found a bubbling blue potion. 3 lemures come into view.
The lemure shouts!
You hear a shout!
Pikel, Merchant of Souls comes into view.
He is wielding a +1 whip of flaming and carrying a wand of roots (7).
Found 2 scrolls labelled OPUZOUSOET.
Pikel shouts!
The lemure shouts!
A lemure comes into view.
Found a scale mail.
Found a stone staircase leading down.
The sky beast flickers out of sight!
Deactivating autopickup; reactivate with Ctrl-A.
There is a stone staircase leading down here.
You climb downwards.
Reactivating autopickup.
Found a spear and a leather armour.
There is a stone staircase leading up here.
You see here a +0 spear.
g - a +0 spear You see here a +0 leather armour.
An orc comes into view. It is wielding a +0 short sword.
You start waiting.
Done waiting.
Found a hammer.
Found a runed translucent door.
Crazy Yiuf shouts!
Found 16 gold pieces.
A wyvern comes into view.
You close the door.
You now have 55 gold pieces (gained 16).
There is an open door here.
An orc comes into view. It is wielding a +0 trident.
There is an open door here.
Menkaure, Prince of Dust comes into view.
Found 3 scrolls labelled LIXOR VONLAKI.
As you read the scroll labelled QOIXKOT YTEE, it crumbles to dust.
You assume a fearsome visage.
Menkaure is unaffected.
The orc looks frightened!
It was a scroll of fear.
Menkaure hits you!
Ouch! That really hurt!
You die...

##.......#######
...............#
#......
..#............#
.......
..#............#
.......
..#............#
....?..
#.'............#
.....
#.#.....###'####
... #.......#
#.#####M#
###....##
#o....@.# #
#....# #########
# #....# #
###### # #


You could see Menkaure and an orc (fleeing).

Vanquished Creatures
  2 ball pythons (D:1)
  2 kobolds (D:1)
4 creatures vanquished.

Notes
Turn   | Place    | Note
-------+----------+-------------------------------------------
     0 | D:1      | Esekla the Deep Elf Necromancer began the quest for the
                  | Orb.
     0 | D:1      | Reached XP level 1. HP: 10/10 MP: 6/6
   144 | D:1      | Reached skill level 5 in Necromancy
   204 | D:2      | Noticed a black bear
   320 | D:4      | Found a glowing silver altar of Zin.
   336 | D:4      | You fall into a shaft and drop 3 floors!
   366 | D:7      | Noticed a phantom
   396 | D:6      | Found a staircase to the Ecumenical Temple.
   461 | D:6      | Noticed a sky beast
   485 | D:6      | Noticed a lemure
   485 | D:6      | Noticed a lemure
   485 | D:6      | Noticed a lemure
   485 | D:6      | Noticed Pikel
   486 | D:6      | Noticed a lemure
   617 | D:7      | Found a runed translucent door.
   618 | D:7      | Noticed Crazy Yiuf
   643 | D:7      | Noticed a wyvern
   725 | D:7      | Noticed Menkaure
   727 | D:7      | Slain by Menkaure

Illustrated notes

Levels and vault maps discovered:
D:1:      sevenhm_arrival_forest_fort_small_3, layout_rooms,
          chequers_serial_rivers_room_b, minmay_misc_feat_five
D:2:      layout_loops_ring, dreamdust_ecumenical_altar_angels_and_demons,
          serial_shops, shop
D:3:      layout_basic, grunt_temple_overflow_open, minmay_misc_feat_iff
D:4:      layout_basic, nicolae_overflow_quartered_altars, serial_shops,
          nicolae_diamond_shop
D:6:      layout_loops_cross, fedhas_altar_fruit_tree,
          minmay_temple_entry_glass, uniq_pikel, uniq_blork_the_orc
D:7:      layout_basic, uniq_menkaure, uniq_joseph, uniq_crazy_yiuf_cottage

Skill      XL: |  1 |
---------------+----+-----
Necromancy     | 5 |  5.0
Dodging        | |  2.6
Stealth        | |  2.5
Spellcasting   | |  3.0

Action                     || total
---------------------------++-------
  Melee: Short sword       ||    12
         Unarmed           ||     9
    Use: Scroll            ||     1
 Armour: Robe              ||     3
  Dodge: Dodged            ||    11
